RedWings vs Penguins

Created - January-31-13 at 17:14

Goals
1 2 3 T
RedWings 0 0 1 1
Penguins 0 1 1 2
Shots
1 2 3 T
RedWings 9 4 6 19
Penguins 8 7 6 21

1st period

No Goal

Penalties :
Paul Martin (DET) for Slashing (Minor) at 1:01, Daymond Langkow (DET) for Slashing (Minor) at 3:20, Ryan Suter (PIT) for Tripping (Minor) at 5:51, Roman Josi (PIT) for Roughing (Minor) at 8:14

2nd period

1. Penguins , John Tavares 10 (Ryan Suter) at 15:00

Penalties :
Ryan Callahan (PIT) for Slashing (Minor) at 6:40, Drew Stafford (PIT) for Tripping (Minor) at 12:39, Curtis Glencross (DET) for Boarding (Minor) at 12:39, Roman Josi (PIT) for Delaying the game (Minor) at 16:38, Pavel Kubina (DET) for Hooking (Minor) at 19:06

3rd period

2. Penguins , Dan Girardi 5 (Ryan Callahan, John Tavares) at 12:33
3. RedWings , Ray Whitney 14 (Keith Yandle, Paul Martin) at 18:18

Penalties :
Eric Brewer (DET) for Interference (Minor) at 4:59

Goalie Stats

Roberto Luongo (DET), 19 saves from 21 shots - (0.905), L, 22-21-6, 59:12 minutes
Marc-Andre Fleury (PIT), 18 saves from 19 shots - (0.947), W, 19-23-5, 60:00 minutes

Players Stats for RedWings

Player Name              G  A  P  +/- PIM S  H  SB GA TA FO     MP     PP MP  PK MP  
------------------------------------------------------------------------------------
Alexandre Burrows        0  0  0   0  0   1  3  0  0  0  0/2    22:15   3:34   0:00 
Brian Campbell           0  0  0   0  0   0  0  0  0  0  0/0    24:35   3:49   5:21 
Chris Summers            0  0  0   0  0   0  0  0  0  0  0/0     5:39   0:00   0:00 
Curtis Glencross         0  0  0  -1  2   2  0  0  0  0  0/0    19:09   4:04   1:42 
Daymond Langkow          0  0  0  -1  2   2  1  0  0  0  12/19  16:18   3:52   0:00 
Eric Brewer              0  0  0   0  2   1  4  2  0  0  0/0    23:47   3:49   4:34 
Jamie Langenbrunner      0  0  0   0  0   0  0  0  0  0  0/0    13:26   0:26   0:00 
Jared Spurgeon           0  0  0  -2  0   1  0  0  0  0  0/0    11:57   0:00   1:38 
Joe Thornton             0  0  0   0  0   3  0  0  0  0  11/24  21:41   4:04   0:00 
Keith Yandle             0  1  1   1  0   2  1  0  0  0  0/0    19:27   4:07   2:35 
Mark Fraser              0  0  0   0  0   1  0  0  0  0  0/0     5:39   0:00   0:00 
Nate Thompson            0  0  0   0  0   1  2  0  0  0  7/13   18:53   0:00   6:14 
Paul Martin              0  1  1   1  2   0  1  1  0  0  0/0    18:35   4:07   1:44 
Pavel Kubina             0  0  0  -2  2   0  1  3  0  0  0/0    10:18   0:00   0:00 
Ray Whitney              1  0  1   0  0   4  0  0  0  0  0/0    20:53   3:52   0:00 
Ryan Whitney             0  0  0   0  0   0  0  0  0  0  0/0     0:00   0:00   0:00 
Sergei Kostitsyn         0  0  0  -1  0   0  0  0  0  0  1/1    22:37   3:56   6:14 
Travis Zajac             0  0  0   0  0   1  0  0  0  0  2/7    14:51   0:00   1:42 

Players Stats for Penguins

Player Name              G  A  P  +/- PIM S  H  SB GA TA FO     MP     PP MP  PK MP  
------------------------------------------------------------------------------------
Adam Larsson             0  0  0  -1  0   0  2  0  0  0  0/0    15:24   0:00   3:54 
Alexander Steen          0  0  0   0  0   0  1  0  0  0  5/6    20:54   3:40   2:49 
Bobby Butler             0  0  0   0  0   1  1  0  0  0  0/1    10:25   0:33   0:00 
Cam Fowler               0  0  0   0  0   0  0  0  0  0  0/0     5:59   0:00   1:15 
Colin Wilson             0  0  0  -1  0   0  0  0  0  0  0/3     7:06   0:00   0:03 
Dan Girardi              1  0  1   1  0   2  2  1  0  0  0/0    22:45   4:01   4:02 
Drew Stafford            0  0  0   0  2   1  1  0  0  0  3/10   18:49   3:43   5:04 
Gabriel Landeskog        0  0  0   2  0   0  2  0  0  0  1/2    19:53   4:16   2:49 
Jake Dowell              0  0  0  -1  0   0  0  0  0  0  0/0     6:14   0:00   0:00 
Joe Pavelski             0  0  0   0  0   1  0  0  0  0  0/0    13:15   0:00   0:00 
John Tavares             1  1  2   2  0   1  0  0  0  0  6/10   12:37   0:00   0:00 
Kris Letang              0  0  0   1  0   4  2  1  0  0  0/0    26:15   4:01   3:44 
Matt Read                0  0  0   0  0   1  0  0  0  0  2/7    14:21   3:40   0:00 
Nick Leddy               0  0  0  -1  0   1  0  0  0  0  0/0    15:39   3:55   0:00 
Roman Josi               0  0  0   1  4   0  0  0  0  0  0/0    12:56   0:00   0:00 
Ryan Callahan            0  1  1   1  2   3  4  0  0  0  1/6    22:41   3:40   0:00 
Ryan Suter               0  1  1   1  2   2  1  2  0  0  0/0    20:59   3:55   2:57 
Stephen Weiss            0  0  0   0  0   4  2  0  0  0  15/21  23:48   4:16   5:07 

3 Stars

1 - John Tavares (PIT)
2 - Dan Girardi (PIT)
3 - Marc-Andre Fleury (PIT)

Power Play

RedWings - 0 on 4 Attempt(s) - 0.00%
Penguins - 0 on 4 Attempt(s) - 0.00%

Penalty Kill

RedWings - 4 on 4 Attempt(s) - 100.00% - Score 0 goal in Penalty Kill
Penguins - 4 on 4 Attempt(s) - 100.00% - Score 0 goal in Penalty Kill

Official

Referees : Tom Kowal and Graham Skiliter
Linesman : Derek Nansen and Darren Gibbs

Game Notes

No Game Note

Finance

Level 1 -- Attendance: 6201 (95.40%) -- Ticket Income $595,296
Level 2 -- Attendance: 5000 (100.00%) -- Ticket Income $260,000
Level 3 -- Attendance: 3500 (100.00%) -- Ticket Income $122,500
Level 4 -- Attendance: 2087 (100.00%) -- Ticket Income $41,740
Luxury Box -- Attendance: 1000 (100.00%) -- Ticket Income $210,000
Game was played at the Consol Energy Center
Total Attendance: 17788 (98.35%)
Total Ticket Income: $1,229,536
Other Income: $184,430
Total Income: $1,413,966


% Time on Ice - RedWings

Lines # - Real PCT - Wanted PCT - Time Play
Normal Forward
1 - 30% - 40% - 12:27
2 - 41% - 30% - 17:01
3 - 28% - 20% - 11:44
4 - 0% - 10% - 0:00
Normal Defense
1 - 33% - 40% - 13:33
2 - 28% - 30% - 11:41
3 - 25% - 20% - 10:19
4 - 14% - 10% - 5:39
PP Forward
1 - 49% - 60% - 3:52
2 - 51% - 40% - 4:04
PP Defense
1 - 48% - 60% - 3:49
2 - 52% - 40% - 4:07
PK Forward
1 - 79% - 60% - 6:14
2 - 21% - 40% - 1:42
PK Defense
1 - 67% - 60% - 5:21
2 - 33% - 40% - 2:35
PK3 Forward
1 - 0% - 60%
2 - 0% - 40%
PK3 Defense
1 - 0% - 60%
2 - 0% - 40%
44 Forward
1 - 46% - 60% - 0:55
2 - 54% - 40% - 1:04
44 Defense
1 - 46% - 60% - 0:55
2 - 54% - 40% - 1:04
Last Minute Offensive  - 0:57
Last Minute Defensive  - 0:00
Total
Forward - 60:00
Defense - 60:00

% Time on Ice - Penguins

Lines # - Real PCT - Wanted PCT - Time Play
Normal Forward
1 - 30% - 40% - 12:37
2 - 32% - 30% - 13:15
3 - 24% - 20% - 9:52
4 - 15% - 10% - 6:14
Normal Defense
1 - 33% - 40% - 13:53
2 - 31% - 30% - 12:58
3 - 25% - 20% - 10:30
4 - 11% - 10% - 4:37
PP Forward
1 - 54% - 60% - 4:16
2 - 46% - 40% - 3:40
PP Defense
1 - 51% - 60% - 4:01
2 - 49% - 40% - 3:55
PK Forward
1 - 64% - 60% - 5:07
2 - 36% - 40% - 2:49
PK Defense
1 - 51% - 60% - 4:02
2 - 49% - 40% - 3:54
PK3 Forward
1 - 0% - 60%
2 - 0% - 40%
PK3 Defense
1 - 0% - 60%
2 - 0% - 40%
44 Forward
1 - 100% - 60% - 1:59
2 - 0% - 40% - 0:00
44 Defense
1 - 41% - 60% - 0:49
2 - 59% - 40% - 1:10
Last Minute Offensive  - 0:00
Last Minute Defensive  - 0:11
Total
Forward - 60:00
Defense - 60:00

Play by Play

1st period


0:01 of 1st period - Daymond Langkow wins face-off versus Gabriel Landeskog in neutral zone.
0:12 of 1st period - Shot by Curtis Glencross.
0:12 of 1st period - Stopped by Marc-Andre Fleury without a rebound.
0:13 of 1st period - Stephen Weiss wins face-off versus Joe Thornton in Penguins zone.
0:25 of 1st period - Joe Thornton is hit by Ryan Suter and loses puck.
0:44 of 1st period - Shot by Alexander Steen.
0:44 of 1st period - Shot Blocked by Paul Martin.
0:53 of 1st period - Icing by Ray Whitney.
0:54 of 1st period - Matt Read wins face-off versus Joe Thornton in RedWings zone.
0:54 of 1st period - Matt Read is hit by Keith Yandle.
1:01 of 1st period - Minor Penalty to Paul Martin for Slashing.
1:02 of 1st period - Stephen Weiss wins face-off versus Nate Thompson in RedWings zone.
1:29 of 1st period - Shot by Stephen Weiss.
1:29 of 1st period - Stopped by Roberto Luongo without a rebound.
1:30 of 1st period - Ryan Callahan wins face-off versus Travis Zajac in RedWings zone.
2:03 of 1st period - Shot by Ryan Callahan.
2:03 of 1st period - Stopped by Roberto Luongo with a rebound.
2:05 of 1st period - Shot by Ryan Suter.
2:05 of 1st period - Stopped by Roberto Luongo without a rebound.
2:06 of 1st period - Nate Thompson wins face-off versus Stephen Weiss in RedWings zone.
2:21 of 1st period - Shot by Kris Letang.
2:21 of 1st period - Stopped by Roberto Luongo with a rebound.
2:31 of 1st period - Shot by Kris Letang.
2:31 of 1st period - Stopped by Roberto Luongo without a rebound.
2:32 of 1st period - Nate Thompson wins face-off versus Ryan Callahan in RedWings zone.
2:32 of 1st period - Nate Thompson is hit by Ryan Callahan.
2:53 of 1st period - Nick Leddy is hit by Nate Thompson and loses puck.
3:17 of 1st period - Icing by Dan Girardi.
3:18 of 1st period - John Tavares wins face-off versus Daymond Langkow in Penguins zone.
3:20 of 1st period - Minor Penalty to Daymond Langkow for Slashing.
3:21 of 1st period - Stephen Weiss wins face-off versus Nate Thompson in RedWings zone.
3:28 of 1st period - Shot by Stephen Weiss.
3:28 of 1st period - Shot Blocked by Eric Brewer.
3:36 of 1st period - Shot by Dan Girardi.
3:36 of 1st period - Shot Misses the Net.
4:33 of 1st period - Ryan Callahan is hit by Eric Brewer.
5:32 of 1st period - Shot by Joe Thornton.
5:32 of 1st period - Shot Blocked by Ryan Suter.
5:51 of 1st period - Minor Penalty to Ryan Suter for Tripping.
5:52 of 1st period - Daymond Langkow wins face-off versus Drew Stafford in Penguins zone.
6:01 of 1st period - Shot by Alexandre Burrows.
6:01 of 1st period - Stopped by Marc-Andre Fleury without a rebound.
6:02 of 1st period - Daymond Langkow wins face-off versus Drew Stafford in Penguins zone.
6:09 of 1st period - Shot by Keith Yandle.
6:09 of 1st period - Shot Misses the Net.
6:11 of 1st period - Shot by Keith Yandle.
6:11 of 1st period - Stopped by Marc-Andre Fleury without a rebound.
6:12 of 1st period - Daymond Langkow wins face-off versus Drew Stafford in Penguins zone.
6:19 of 1st period - Shot by Ray Whitney.
6:19 of 1st period - Stopped by Marc-Andre Fleury without a rebound.
6:20 of 1st period - Drew Stafford wins face-off versus Daymond Langkow in Penguins zone.
6:53 of 1st period - Shot by Keith Yandle.
6:53 of 1st period - Stopped by Marc-Andre Fleury with a rebound.
8:14 of 1st period - Minor Penalty to Roman Josi for Roughing.
8:15 of 1st period - Alexander Steen wins face-off versus Daymond Langkow in Penguins zone.
8:15 of 1st period - Alexander Steen is hit by Daymond Langkow.
8:22 of 1st period - Icing by Paul Martin.
8:23 of 1st period - Daymond Langkow wins face-off versus Drew Stafford in RedWings zone.
8:59 of 1st period - Off-side.
9:00 of 1st period - Alexander Steen wins face-off versus Joe Thornton in neutral zone.
9:49 of 1st period - Icing by Joe Thornton.
9:50 of 1st period - Joe Thornton wins face-off versus Drew Stafford in RedWings zone.
10:10 of 1st period - Ray Whitney is hit by Stephen Weiss and loses puck.
10:19 of 1st period - Shot by Jamie Langenbrunner.
10:19 of 1st period - Deflect By Travis Zajac.
10:19 of 1st period - Shot Misses the Net.
10:28 of 1st period - Shot by Travis Zajac.
10:28 of 1st period - Stopped by Marc-Andre Fleury with a rebound.
10:32 of 1st period - Shot by Jamie Langenbrunner.
10:32 of 1st period - Shot Blocked by Ryan Suter.
10:34 of 1st period - Shot by Travis Zajac.
10:34 of 1st period - Shot Hit the Post.
10:44 of 1st period - Shot by Jamie Langenbrunner.
10:44 of 1st period - Shot Misses the Net.
10:46 of 1st period - Shot by Jared Spurgeon.
10:46 of 1st period - Stopped by Marc-Andre Fleury without a rebound.
10:47 of 1st period - Stephen Weiss wins face-off versus Joe Thornton in Penguins zone.
11:16 of 1st period - Nick Leddy is hit by Alexandre Burrows and loses puck.
11:58 of 1st period - Icing by Kris Letang.
11:59 of 1st period - Daymond Langkow wins face-off versus John Tavares in Penguins zone.
12:26 of 1st period - Shot by Sergei Kostitsyn.
12:26 of 1st period - Shot Misses the Net.
12:38 of 1st period - Shot by Daymond Langkow.
12:38 of 1st period - Stopped by Marc-Andre Fleury with a rebound.
13:01 of 1st period - Icing by Dan Girardi.
13:02 of 1st period - Joe Thornton wins face-off versus John Tavares in Penguins zone.
13:21 of 1st period - Shot by Ray Whitney.
13:21 of 1st period - Deflect By Joe Thornton.
13:21 of 1st period - Stopped by Marc-Andre Fleury with a rebound.
13:23 of 1st period - Shot by Paul Martin.
13:23 of 1st period - Shot Misses the Net.
14:40 of 1st period - Eric Brewer is hit by Bobby Butler and loses puck.
15:07 of 1st period - Shot by Stephen Weiss.
15:07 of 1st period - Stopped by Roberto Luongo without a rebound.
15:08 of 1st period - Stephen Weiss wins face-off versus Travis Zajac in RedWings zone.
17:19 of 1st period - Icing by Daymond Langkow.
17:20 of 1st period - Stephen Weiss wins face-off versus Daymond Langkow in RedWings zone.
17:20 of 1st period - Stephen Weiss is hit by Eric Brewer.
17:28 of 1st period - Shot by Joe Pavelski.
17:28 of 1st period - Stopped by Roberto Luongo without a rebound.
17:29 of 1st period - Stephen Weiss wins face-off versus Joe Thornton in RedWings zone.
17:45 of 1st period - Icing by Paul Martin.
17:46 of 1st period - Joe Thornton wins face-off versus Matt Read in RedWings zone.
17:50 of 1st period - Icing by Alexandre Burrows.
17:51 of 1st period - Matt Read wins face-off versus Joe Thornton in RedWings zone.
18:32 of 1st period - Icing by Paul Martin.
18:33 of 1st period - John Tavares wins face-off versus Joe Thornton in RedWings zone.
18:44 of 1st period - Shot by John Tavares.
18:44 of 1st period - Deflect By Ryan Callahan.
18:44 of 1st period - Stopped by Roberto Luongo without a rebound.
18:45 of 1st period - Daymond Langkow wins face-off versus Stephen Weiss in RedWings zone.
18:45 of 1st period - Daymond Langkow is hit by Alexander Steen.

2nd period


0:01 of 2nd period - John Tavares wins face-off versus Daymond Langkow in neutral zone.
1:53 of 2nd period - Shot by Matt Read.
1:53 of 2nd period - Shot Blocked by Pavel Kubina.
1:55 of 2nd period - Shot by Drew Stafford.
1:55 of 2nd period - Shot Misses the Net.
1:57 of 2nd period - Shot by Drew Stafford.
1:57 of 2nd period - Shot Misses the Net.
1:59 of 2nd period - Shot by Matt Read.
1:59 of 2nd period - Stopped by Roberto Luongo with a rebound.
2:01 of 2nd period - Shot by Drew Stafford.
2:01 of 2nd period - Deflect By Matt Read.
2:01 of 2nd period - Shot Misses the Net.
2:03 of 2nd period - Shot by Adam Larsson.
2:03 of 2nd period - Shot Misses the Net.
2:05 of 2nd period - Shot by Drew Stafford.
2:05 of 2nd period - Stopped by Roberto Luongo with a rebound.
2:07 of 2nd period - Shot by Bobby Butler.
2:07 of 2nd period - Stopped by Roberto Luongo with a rebound.
2:09 of 2nd period - Shot by Adam Larsson.
2:09 of 2nd period - Shot Blocked by Pavel Kubina.
2:21 of 2nd period - Shot by Drew Stafford.
2:21 of 2nd period - Shot Misses the Net.
2:23 of 2nd period - Shot by Adam Larsson.
2:23 of 2nd period - Shot Misses the Net.
2:25 of 2nd period - Shot by Drew Stafford.
2:25 of 2nd period - Shot Misses the Net.
2:38 of 2nd period - Icing by Matt Read.
2:39 of 2nd period - Daymond Langkow wins face-off versus Matt Read in Penguins zone.
2:55 of 2nd period - Off-side.
2:56 of 2nd period - Joe Thornton wins face-off versus John Tavares in neutral zone.
4:09 of 2nd period - Shot by Curtis Glencross.
4:09 of 2nd period - Shot Misses the Net.
4:42 of 2nd period - Brian Campbell is hit by Adam Larsson and loses puck.
5:51 of 2nd period - Ray Whitney is hit by Dan Girardi and loses puck.
6:27 of 2nd period - Sergei Kostitsyn is hit by Dan Girardi and loses puck.
6:40 of 2nd period - Minor Penalty to Ryan Callahan for Slashing.
6:41 of 2nd period - Drew Stafford wins face-off versus Joe Thornton in Penguins zone.
8:10 of 2nd period - Shot by Eric Brewer.
8:10 of 2nd period - Stopped by Marc-Andre Fleury without a rebound.
8:11 of 2nd period - Alexander Steen wins face-off versus Joe Thornton in Penguins zone.
8:24 of 2nd period - Shot by Joe Thornton.
8:24 of 2nd period - Stopped by Marc-Andre Fleury with a rebound.
8:44 of 2nd period - Shot by Jamie Langenbrunner.
8:44 of 2nd period - Shot Misses the Net.
9:00 of 2nd period - Jared Spurgeon is hit by Ryan Callahan and loses puck.
9:22 of 2nd period - Icing by Kris Letang.
9:23 of 2nd period - Joe Thornton wins face-off versus John Tavares in Penguins zone.
9:44 of 2nd period - Shot by Ray Whitney.
9:44 of 2nd period - Shot Misses the Net.
11:06 of 2nd period - Travis Zajac is hit by Kris Letang and loses puck.
11:22 of 2nd period - Shot by Nate Thompson.
11:22 of 2nd period - Stopped by Marc-Andre Fleury without a rebound.
11:23 of 2nd period - Stephen Weiss wins face-off versus Joe Thornton in Penguins zone.
12:03 of 2nd period - Icing by Joe Thornton.
12:04 of 2nd period - Joe Thornton wins face-off versus Matt Read in RedWings zone.
12:12 of 2nd period - Icing by Adam Larsson.
12:13 of 2nd period - Daymond Langkow wins face-off versus Matt Read in Penguins zone.
12:39 of 2nd period - Minor Penalty to Drew Stafford for Tripping.
12:39 of 2nd period - Minor Penalty to Curtis Glencross for Boarding.
12:40 of 2nd period - Alexander Steen wins face-off versus Nate Thompson in neutral zone.
14:15 of 2nd period - Dan Girardi is hit by Alexandre Burrows.
14:34 of 2nd period - Icing by Alexandre Burrows.
14:35 of 2nd period - Alexander Steen wins face-off versus Alexandre Burrows in RedWings zone.
15:00 of 2nd period - Shot by John Tavares.
15:00 of 2nd period - Goal by John Tavares - RedWings : 0 - Penguins : 1.
15:01 of 2nd period - Joe Thornton wins face-off versus Matt Read in neutral zone.
15:23 of 2nd period - Shot by Matt Read.
15:23 of 2nd period - Shot Blocked by Eric Brewer.
16:15 of 2nd period - Shot by Nick Leddy.
16:15 of 2nd period - Stopped by Roberto Luongo without a rebound.
16:16 of 2nd period - John Tavares wins face-off versus Daymond Langkow in RedWings zone.
16:38 of 2nd period - Minor Penalty to Roman Josi for Delaying the game.
16:39 of 2nd period - Joe Thornton wins face-off versus Drew Stafford in Penguins zone.
17:29 of 2nd period - Shot by Ray Whitney.
17:29 of 2nd period - Stopped by Marc-Andre Fleury without a rebound.
17:30 of 2nd period - Drew Stafford wins face-off versus Daymond Langkow in Penguins zone.
17:45 of 2nd period - Shot by Eric Brewer.
17:45 of 2nd period - Deflect By Alexandre Burrows.
17:45 of 2nd period - Shot Misses the Net.
18:45 of 2nd period - Shot by Colin Wilson.
18:45 of 2nd period - Deflect By Ryan Callahan.
18:45 of 2nd period - Stopped by Roberto Luongo without a rebound.
18:46 of 2nd period - Travis Zajac wins face-off versus Colin Wilson in RedWings zone.
19:06 of 2nd period - Minor Penalty to Pavel Kubina for Hooking.
19:07 of 2nd period - Nate Thompson wins face-off versus Ryan Callahan in RedWings zone.
19:12 of 2nd period - Alexander Steen is hit by Nate Thompson and loses puck.
19:18 of 2nd period - Off-side.
19:19 of 2nd period - Nate Thompson wins face-off versus Stephen Weiss in neutral zone.
19:34 of 2nd period - Shot by Kris Letang.
19:34 of 2nd period - Stopped by Roberto Luongo without a rebound.
19:35 of 2nd period - Nate Thompson wins face-off versus Ryan Callahan in RedWings zone.
19:41 of 2nd period - Icing by Ryan Suter.
19:42 of 2nd period - Sergei Kostitsyn wins face-off versus Ryan Callahan in Penguins zone.
19:55 of 2nd period - Sergei Kostitsyn is hit by Ryan Callahan and loses puck.

3rd period


0:01 of 3rd period - Stephen Weiss wins face-off versus Nate Thompson in neutral zone.
0:17 of 3rd period - Shot by Dan Girardi.
0:17 of 3rd period - Stopped by Roberto Luongo without a rebound.
0:18 of 3rd period - Nate Thompson wins face-off versus Ryan Callahan in RedWings zone.
0:18 of 3rd period - Nate Thompson is hit by Ryan Callahan.
0:38 of 3rd period - Shot by Ryan Suter.
0:38 of 3rd period - Stopped by Roberto Luongo without a rebound.
0:39 of 3rd period - Stephen Weiss wins face-off versus Nate Thompson in RedWings zone.
0:42 of 3rd period - Shot by Kris Letang.
0:42 of 3rd period - Stopped by Roberto Luongo without a rebound.
0:43 of 3rd period - Stephen Weiss wins face-off versus Nate Thompson in RedWings zone.
1:49 of 3rd period - Shot by Colin Wilson.
1:49 of 3rd period - Shot Misses the Net.
2:52 of 3rd period - Icing by Kris Letang.
2:53 of 3rd period - Stephen Weiss wins face-off versus Travis Zajac in Penguins zone.
2:57 of 3rd period - Icing by Kris Letang.
2:58 of 3rd period - Stephen Weiss wins face-off versus Travis Zajac in Penguins zone.
3:17 of 3rd period - Nate Thompson is hit by Gabriel Landeskog and loses puck.
4:05 of 3rd period - Icing by Roman Josi.
4:06 of 3rd period - Gabriel Landeskog wins face-off versus Joe Thornton in Penguins zone.
4:06 of 3rd period - Gabriel Landeskog is hit by Alexandre Burrows.
4:11 of 3rd period - Roman Josi is hit by Eric Brewer and loses puck.
4:19 of 3rd period - Icing by Eric Brewer.
4:20 of 3rd period - Joe Thornton wins face-off versus Drew Stafford in RedWings zone.
4:20 of 3rd period - Joe Thornton is hit by Drew Stafford.
4:59 of 3rd period - Minor Penalty to Eric Brewer for Interference.
5:00 of 3rd period - Nate Thompson wins face-off versus Stephen Weiss in RedWings zone.
5:00 of 3rd period - Nate Thompson is hit by Gabriel Landeskog.
5:09 of 3rd period - Ryan Suter is hit by Paul Martin.
7:24 of 3rd period - Shot by Joe Thornton.
7:24 of 3rd period - Shot Misses the Net.
7:26 of 3rd period - Shot by Joe Thornton.
7:26 of 3rd period - Shot Blocked by Kris Letang.
7:28 of 3rd period - Shot by Mark Fraser.
7:28 of 3rd period - Stopped by Marc-Andre Fleury with a rebound.
7:30 of 3rd period - Shot by Joe Thornton.
7:30 of 3rd period - Stopped by Marc-Andre Fleury without a rebound.
7:31 of 3rd period - Daymond Langkow wins face-off versus Alexander Steen in Penguins zone.
7:40 of 3rd period - Shot by Curtis Glencross.
7:40 of 3rd period - Stopped by Marc-Andre Fleury with a rebound.
7:42 of 3rd period - Shot by Curtis Glencross.
7:42 of 3rd period - Shot Misses the Net.
7:48 of 3rd period - Shot by Jared Spurgeon.
7:48 of 3rd period - Shot Misses the Net.
8:28 of 3rd period - Jared Spurgeon is hit by Adam Larsson and loses puck.
8:43 of 3rd period - Shot by Matt Read.
8:43 of 3rd period - Shot Misses the Net.
9:15 of 3rd period - Shot by Ray Whitney.
9:15 of 3rd period - Stopped by Marc-Andre Fleury without a rebound.
9:16 of 3rd period - Travis Zajac wins face-off versus Colin Wilson in Penguins zone.
11:00 of 3rd period - Shot by Curtis Glencross.
11:00 of 3rd period - Shot Blocked by Dan Girardi.
11:02 of 3rd period - Shot by Daymond Langkow.
11:02 of 3rd period - Stopped by Marc-Andre Fleury without a rebound.
11:03 of 3rd period - Daymond Langkow wins face-off versus Bobby Butler in Penguins zone.
12:21 of 3rd period - Shot by Stephen Weiss.
12:21 of 3rd period - Stopped by Roberto Luongo without a rebound.
12:22 of 3rd period - John Tavares wins face-off versus Joe Thornton in RedWings zone.
12:24 of 3rd period - Ryan Callahan is hit by Pavel Kubina and loses puck.
12:31 of 3rd period - Shot by Ryan Callahan.
12:31 of 3rd period - Shot Blocked by Pavel Kubina.
12:33 of 3rd period - Shot by Dan Girardi.
12:33 of 3rd period - Goal by Dan Girardi - RedWings : 0 - Penguins : 2.
12:34 of 3rd period - Joe Thornton wins face-off versus Stephen Weiss in neutral zone.
12:59 of 3rd period - Chris Summers is hit by Stephen Weiss and loses puck.
13:12 of 3rd period - Shot by Stephen Weiss.
13:12 of 3rd period - Stopped by Roberto Luongo without a rebound.
13:13 of 3rd period - John Tavares wins face-off versus Travis Zajac in RedWings zone.
15:44 of 3rd period - Shot by Ray Whitney.
15:44 of 3rd period - Shot Misses the Net.
17:28 of 3rd period - Matt Read is hit by Eric Brewer and loses puck.
17:52 of 3rd period - Icing by Brian Campbell.
17:53 of 3rd period - Daymond Langkow wins face-off versus Colin Wilson in RedWings zone.
18:18 of 3rd period - Shot by Ray Whitney.
18:18 of 3rd period - Goal by Ray Whitney - RedWings : 1 - Penguins : 2.
18:19 of 3rd period - Stephen Weiss wins face-off versus Joe Thornton in neutral zone.
18:54 of 3rd period - Shot by Ray Whitney.
18:54 of 3rd period - Shot Misses the Net.
19:12 of 3rd period - RedWings, Roberto Luongo is pulled from the net.
19:23 of 3rd period - Icing by Kris Letang.
19:24 of 3rd period - Joe Thornton wins face-off versus Stephen Weiss in Penguins zone.
19:32 of 3rd period - Eric Brewer is hit by Kris Letang and loses puck.
19:36 of 3rd period - Icing by Dan Girardi.
19:37 of 3rd period - Stephen Weiss wins face-off versus Alexandre Burrows in Penguins zone.


Output by the SimonT Hockey Simulator (STHS) for Stephane Roy -- Original Page W3C XHTML 1.0 Valid
Hockey Simulator - Hockey Simulation - Hockey Manager